 Dungeon Crawl Stone Soup version 0.27.0-1-g7a08968 (webtiles) character file.

Game seed: 759424444550332675

196 Illumine the Chopper (level 5, -17/47 HPs)
             Began as a Minotaur Fighter on Aug 11, 2021.
             Was a Follower of Makhleb.
             Demolished by an ogre (20 damage)
             ... on level 4 of the Dungeon.
             The game lasted 00:01:54 (2549 turns).

Illumine the Chopper (Minotaur Fighter)             Turns: 2549, Time: 00:01:54

Health: -17/47     AC: 16    Str: 22    XL:     5   Next: 45%
Magic:  4/4        EV:  4    Int:  5    God:    Makhleb [*.....]
Gold:   30         SH:  9    Dex:  9    Spells: 4/4 levels left

rFire    . . .     SeeInvis .   a - +0 war axe
rCold    . . .     Faith    .   c - +0 kite shield
rNeg     . . .     Spirit   .   t - +4 plate armour {rPois}
rPois    +         Reflect  .   (helmet restricted)
rElec    .         Harm     .   (no cloak)
rCorr    .         Rampage  .   (no gloves)
Will     .....                  f - +0 pair of boots
Stlth    ..........             (no amulet)
HPRegen  0.15/turn              (no ring)
MPRegen  0.09/turn              (no ring)

@: mighty
A: horns 2, retaliatory headbutt
a: Renounce Religion


You were on level 4 of the Dungeon.
You worshipped Makhleb.
Makhleb was aware of your devotion.
You visited 1 branch of the dungeon, and saw 4 of its levels.

You collected 77 gold pieces.
You spent 47 gold pieces at shops.

Inventory:

Hand Weapons
 a - a +0 war axe (weapon)
 s - a +0 morningstar
Armour
 b - a +0 scale mail
 c - a +0 kite shield (worn)
 f - a +0 pair of boots (worn)
 t - a +4 plate armour of poison resistance (worn)
Jewellery
 r - a ring of magical power
Scrolls
 g - a scroll of summoning {unknown}
 j - 2 scrolls of identify {unknown}
 k - a scroll of amnesia {unknown}
 l - a scroll of brand weapon {unknown}
 m - a scroll of teleportation {unknown}
 n - a scroll of enchant weapon {unknown}
 u - a scroll of enchant armour {unknown}
Potions
 d - a potion of might
 e - 2 potions of curing {unknown}
 h - a potion of mutation {unknown}
 i - a potion of degeneration {unknown}
 o - a potion of magic {unknown}
 p - a potion of cancellation {unknown}
 q - a potion of flight {unknown}


   Skills:
 + Level 4.7 Fighting
 * Level 5.1 Axes
 + Level 3.7 Armour
 + Level 4.7 Shields
 + Level 1.1 Invocations


You had 4 spell levels left.
You didn't know any spells.
Your spell library contained the following spells:

 Spells                   Type           Power      Damage    Failure   Level
 Slow                     Hex            0%         N/A       100%        2
 Confusing Touch          Hex            0%         N/A       100%        3
 Gell's Gravitas          Tloc           0%         N/A       100%        3
 Lesser Beckoning         Tloc           0%         N/A       100%        3
 Teleport Other           Tloc           0%         N/A       100%        3
 Vampiric Draining        Necr           0%         2d6       100%        3


Dungeon Overview and Level Annotations

Branches:
Dungeon (4/15)
 Temple: D:4-7

Altars:
Makhleb
Sif Muna
Uskayaw

Shops:
D:4 *


Innate Abilities, Weirdness & Mutations

You have a pair of horns on your head.
You reflexively headbutt those who attack you in melee.


Message History

The kobold hits you but does no damage.
A kobold is nearby!
You slash the kobold!
You kill the kobold!
Makhleb accepts your kill.
You see here a +0 dagger.
Save game and exit?
Welcome back, Illumine the Minotaur Fighter.
Blood and souls for Makhleb!
Press ? for a list of commands and other information.
An ogre comes into view. It is wielding a +0 giant spiked club.
The ogre shouts!
You hear a shout!
An ogre is nearby!
An ogre is nearby!
A scorpion comes into view.
Found a hide-covered altar of Uskayaw.
Found a crooked smoking staff.
Your plate armour prevents you from hitting the ogre.
The ogre hits you with a +0 giant spiked club.
A hobgoblin comes into view.
Your shield prevents you from hitting the ogre.
The ogre hits you with a +0 giant spiked club!
The scorpion stings you.
You completely miss the ogre. You headbutt the ogre!
The ogre is moderately wounded.
You barely miss the scorpion. The scorpion stings you.
The ogre barely misses you. You furiously retaliate!
You headbutt the ogre.
The scorpion stings you but does no damage.
You hit the ogre. You headbutt the ogre.
The ogre is severely wounded.
You slash the scorpion!
The ogre hits you with a +0 giant spiked club!
* * * LOW HITPOINT WARNING * * *
You block the scorpion's attack.
Unknown command.
The scorpion stings you.
* * * LOW HITPOINT WARNING * * *
You feel very mighty all of a sudden.
The ogre hits you with a +0 giant spiked club!!
You die...

..| #............... .
#._ ##.......#....... #.
.. #..#.....#......>
#..##'##..#....)#.......
#.......##.....#.......
#.......#......#.......
#.......#......#.......
#.....Os##.....#.).....
#.....g@##.....#
................#
................#
................#
#################


You could see an ogre, a scorpion and a hobgoblin.

Vanquished Creatures
  An orc priest (D:4)
  Natasha (D:4)
  A hound skeleton (D:4)
  A howler monkey zombie (D:3)
  3 adders
  2 dart slugs
  8 orcs (D:4)
  6 bats
  9 endoplasms
  2 giant cockroaches
  7 goblins
  6 hobgoblins
  10 ball pythons
  6 frilled lizards
  8 kobolds
  8 rats
79 creatures vanquished.

Vanquished Creatures (others)
  12 plants (D:2)
12 creatures vanquished.

Grand Total: 91 creatures vanquished

Notes
Turn   | Place    | Note
-------+----------+-------------------------------------------
     0 | D:1      | Illumine the Minotaur Fighter began the quest for the Orb.
     0 | D:1      | Reached XP level 1. HP: 19/19 MP: 0/0
   279 | D:1      | Reached skill level 3 in Axes
   289 | D:1      | Reached XP level 2. HP: 27/27 MP: 1/1
   649 | D:2      | Reached XP level 3. HP: 3/33 MP: 2/2
  1504 | D:3      | Reached skill level 4 in Axes
  1558 | D:3      | Reached XP level 4. HP: 29/41 MP: 3/3
  1732 | D:3      | Found a burning altar of Makhleb.
  1762 | D:3      | Became a worshipper of Makhleb the Destroyer
  1957 | D:3      | Found a faded altar of an unknown god.
  2340 | D:4      | Found a shimmering blue altar of Sif Muna.
  2367 | D:4      | Reached XP level 5. HP: 47/47 MP: 4/4
  2370 | D:4      | Reached * piety under Makhleb
  2411 | D:4      | Found Oluyxt Qoarph's CLEARANCE SALE! EVERYTHING MUST GO!.
  2420 | D:4      | Bought a +4 plate armour of poison resistance for 47 gold
                  | pieces
  2498 | D:4      | Noticed Natasha
  2503 | D:4      | Killed Natasha
  2504 | D:4      | Reached skill level 5 in Axes
  2504 | D:4      | Reached skill level 1 in Invocations
  2540 | D:4      | Noticed an ogre
  2542 | D:4      | Found a hide-covered altar of Uskayaw.
  2548 | D:4      | HP: 2/47 [scorpion (1)]
  2549 | D:4      | Demolished by an ogre

Illustrated notes

Levels and vault maps discovered:
D:1:      dpeg_arrival_round_b, layout_loops_ring, minivault_4,
          serial_bayou_ford_a
D:2:      layout_loops_ring, guppyfry_early_lair_pool
D:3:      layout_basic, mainiacjoe_overflow_surrounded_room,
          hellmonk_ecumenical_altar_blasted
D:4:      layout_gridville, mainiacjoe_overflow_six_doors_small,
          zin_scriptorium, mainiacjoe_overflow_paths, nicolae_uskayaw_en_pointe,
          jmf_multi_god_temple, nicolae_shop_clearance, uniq_natasha

Skill      XL: |  1  2  3  4  5 |
---------------+----------------+-----
Axes           | 3 4 5 |  5.1
Fighting       | 4 |  4.7
Shields        | 4 |  4.7
Invocations    | 1 |  1.1
Armour         | |  3.7

Action                   |  1- 3 |  4- 6 || total
-------------------------+-------+-------++-------
Melee: War axe           |    97 |    58 ||   155
       Headbutt          |    13 |    11 ||    24
  Use: Potion            |     1 |     1 ||     2
Armor: Scale mail        |    56 |    22 ||    78
       Plate armour      |       |    10 ||    10
Dodge: Dodged            |    36 |    19 ||    55
Block: Kite shield       |    66 |    22 ||    88
